 Dungeon Sprint DCSS version 0.28.0-49-g6dfe1f597d (webtiles) character file.

Game seed: 15588719523777109312

3000000 Zeld the Intangible (level 19, -3/174 HPs)
             Began as a Djinni Monk on May 18, 2022.
             Was the Champion of Makhleb.
             Slain by a meat berserker
             ... wielding a +9 battleaxe
              (38 damage)
             ... in the Dungeon (Sprint VIII: "Arena of Blood").
             The game lasted 00:00:53 (30 turns).

Zeld the Intangible (Djinni Monk)                     Turns: 30, Time: 00:00:54

Health: -3/174     AC:  2    Str: 16    XL:     19   Next: 15%
Gold:   0          EV: 29    Int: 13    God:    Makhleb [******] SH:  0 Dex: 17

rFire   + + .      SeeInvis .   g - +∞ Axe of Woe
rCold   x . .      Faith    .   (shield currently unavailable)
rNeg    . . .      Spirit   .   a - +0 robe
rPois   ∞          Reflect  .   (no helmet)
rElec   .          Harm     .   (no cloak)
rCorr   .          Rampage  .   (no gloves)
Will    +....      NoTele   +   (boots unavailable)
Stlth   +++++.....              (no amulet)
HPRegen 0.39/turn               (no ring)
MPRegen 0.00/turn               (no ring)

@: flying
A: sickness immunity, fire resistance 2, cold vulnerability 1, float, innate
caster, HP casting, extra vitality 1
a: Renounce Religion, Minor Destruction, Lesser Servant of Makhleb, Major
Destruction, Greater Servant of Makhleb


You were in the Dungeon.
You worshipped Makhleb.
Makhleb was exalted by your worship.
You visited 1 branch

Inventory:

Hand Weapons
 g - the +∞ Axe of Woe (weapon)
   (You found it in the Dungeon)
Armour
 a - a +0 robe (worn)
Scrolls
 f - a scroll of blinking
Potions
 b - a potion of curing
 c - a potion of heal wounds
 d - a potion of haste
 e - a potion of berserk rage


   Skills:
 O Level 27 Fighting
 + Level 23.2 Axes
 O Level 27 Dodging
 + Level 13.3 Stealth
 O Level 27 Unarmed Combat
 * Level 20.2 Spellcasting


You had 19 spell levels left.
You knew the following spells:

 Your Spells              Type           Power      Damage    Failure   Level
a - Beastly Appendage     Tmut           100%       N/A       0%          1
b - Passwall              Tmut/Erth      50%        N/A       0%          2
c - Swiftness             Air            60%        N/A       0%          3
d - Iskenderun's Mystic   Conj/Tloc      60%        2d13      0%          4
e - Metabolic Englaciati  Hex/Ice        30%        N/A       1%          5
f - Irradiate             Conj/Tmut      30%        3d23      1%          5
g - Simulacrum            Ice/Necr       30%        N/A       1%          6
h - Eringya's Noxious Bo  Tmut/Pois      30%        N/A       1%          6
i - Dragon Form           Tmut           30%        N/A       1%          7
Your spell library was empty.

Dungeon Overview and Level Annotations

Branches:
Dungeon (1/1)

Altars:
Makhleb


Innate Abilities, Weirdness & Mutations

You are immune to sickness and miasma.
You are immune to poison.
Your flesh is very heat resistant. (rF++)
You are vulnerable to cold. (rC-)
You float through the air rather than walking.
You learn spells naturally, not from books.
Your magical power is your life essence.
You have superior vitality. (+4 MHP)


Message History

The meat berserker is engulfed in blazing flames.
The meat berserker hits you with a +9 battleaxe!!!
You hear a shout! x9; You hear two shouts!
You hear a shout!
You hear two shouts!
You hear a shout!
A bag of meat comes into view. It is wielding a +9 war axe.
Unknown command.
Unknown command.
You maul the meat berserker!!!!
You bite the meat berserker!
The meat berserker is lightly wounded.
You hear a shout! x10
The large bag of meat is engulfed in blazing flames.
A meat berserker comes into view. It is wielding a +9 battleaxe.
You hear a shout! x2; You hear two shouts!
You hear a shout! x3
Unknown command.
You maul the meat berserker!!!!!
You claw the meat berserker!!
The meat berserker is moderately wounded.
The meat berserker is engulfed in blazing flames.
The meat berserker completely misses you.
You hear a shout! x3
A meat berserker comes into view. It is wielding a +9 battleaxe.
The meat berserker rages.
You hear a shout! x2; You hear two shouts!
You hear a shout! x3
You maul the meat berserker!!!
The meat berserker is heavily wounded.
You hear a shout! x4
The large bag of meat hits you with a +9 giant spiked club!!! x2
* * * LOW HITPOINT WARNING * * *
A bag of meat comes into view. It is wielding a +9 war axe.
The meat berserker is engulfed in blazing flames.
The meat berserker closely misses you.
You hear a shout! x4
Unknown command.
Your transformation has ended.
The +∞ Axe of Woe unmelds from your body.
Your +0 robe unmelds from your body.
You hear a shout! x4
The bag of meat is engulfed in blazing flames.
You hear a shout!
The meat berserker hits you with a +9 battleaxe!!!
You die...

..........
......OooO.
......... #..oo.
.# o. #...O ..#
...###... ..###.
.......o###......
#..oo.O@O§...O...
......#O☼§§.#....
..... #_§o§_# .
.... #.§)§.# #.o
....._.....
........###......
. .###... ..###.
#... ..# #.. ..#


You could see 2 large bags of meat, 4 meat berserkers and 10 bags of meat.

Vanquished Creatures
  A vampire knight (D)
  4 ogres (D)
  4 two-headed ogres (D)
  10 orcs (D)
19 creatures vanquished.

Notes
Turn   | Place    | Note
-------+----------+-------------------------------------------
     0 | D        | Found the +∞ Axe of Woe
     0 | D        | Zeld the Djinni Monk began the quest for the Orb.
     0 | D        | Reached XP level 1. HP: 20/20 MP: 0/0
     0 | D        | Noticed a meat berserker
     2 | D        | Noticed a bag of meat
     4 | D        | Became a worshipper of Makhleb the Destroyer
     4 | D        | Reached * piety under Makhleb
     4 | D        | Reached ** piety under Makhleb
     4 | D        | Noticed a bag of meat
     5 | D        | Killed a meat berserker
     6 | D        | Reached XP level 2. HP: 46/46 MP: 0/0
     6 | D        | Reached XP level 3. HP: 51/51 MP: 0/0
     6 | D        | Learned a level 1 spell: Beastly Appendage
     6 | D        | Reached XP level 4. HP: 58/58 MP: 0/0
     6 | D        | Reached XP level 5. HP: 64/64 MP: 0/0
     6 | D        | Learned a level 2 spell: Passwall
     6 | D        | Reached XP level 6. HP: 70/70 MP: 0/0
     6 | D        | Reached XP level 7. HP: 76/76 MP: 0/0
     6 | D        | Learned a level 3 spell: Swiftness
     6 | D        | Reached XP level 8. HP: 82/82 MP: 0/0
     6 | D        | Reached XP level 9. HP: 87/87 MP: 0/0
     6 | D        | Learned a level 4 spell: Iskenderun's Mystic Blast
     6 | D        | Reached XP level 10. HP: 94/94 MP: 0/0
     6 | D        | Reached XP level 11. HP: 100/100 MP: 0/0
     6 | D        | Learned a level 5 spell: Metabolic Englaciation
     6 | D        | Reached XP level 12. HP: 106/106 MP: 0/0
     6 | D        | Noticed a bag of meat
     7 | D        | Noticed a bag of meat
     7 | D        | Noticed a bag of meat
     7 | D        | Noticed a bag of meat
     8 | D        | Noticed a meat berserker
     9 | D        | Killed a bag of meat
     9 | D        | Noticed a bag of meat
     9 | D        | Noticed a bag of meat
    10 | D        | Reached XP level 13. HP: 115/115 MP: 0/0
    10 | D        | Learned a level 5 spell: Irradiate
    10 | D        | Noticed a bag of meat
    10 | D        | Noticed a bag of meat
    11 | D        | Killed a meat berserker
    11 | D        | Killed a bag of meat
    11 | D        | Reached *** piety under Makhleb
    12 | D        | Reached XP level 14. HP: 103/128 MP: 0/0
    12 | D        | Killed a bag of meat
    12 | D        | Noticed a bag of meat
    13 | D        | Noticed a bag of meat
    13 | D        | Killed a bag of meat
    13 | D        | Killed a bag of meat
    13 | D        | Reached **** piety under Makhleb
    13 | D        | Noticed a meat berserker
    14 | D        | Reached XP level 15. HP: 93/138 MP: 0/0
    14 | D        | Learned a level 6 spell: Simulacrum
    15 | D        | Reached skill level 10 in Axes
    15 | D        | Reached skill level 5 in Spellcasting
    15 | D        | Noticed a meat berserker
    16 | D        | Reached XP level 16. HP: 125/148 MP: 0/0
    18 | D        | Reached ***** piety under Makhleb
    18 | D        | Noticed a destroyer
    19 | D        | Noticed a large bag of meat
    19 | D        | Killed a meat berserker
    19 | D        | Killed a meat berserker
    19 | D        | Noticed a large bag of meat
    20 | D        | Reached skill level 27 in Fighting
    20 | D        | Reached skill level 27 in Dodging
    20 | D        | Reached skill level 10 in Stealth
    20 | D        | Reached XP level 17. HP: 113/160 MP: 0/0
    20 | D        | Learned a level 6 spell: Eringya's Noxious Bog
    21 | D        | Noticed a large bag of meat
    21 | D        | Killed a destroyer
    21 | D        | Noticed a large bag of meat
    21 | D        | Noticed a meat berserker
    22 | D        | Reached skill level 27 in Unarmed Combat
    22 | D        | Killed a large bag of meat
    23 | D        | Reached XP level 18. HP: 145/167 MP: 0/0
    23 | D        | Killed a large bag of meat
    23 | D        | Noticed a large bag of meat
    24 | D        | Killed a large bag of meat
    24 | D        | Reached ****** piety under Makhleb
    24 | D        | Killed a large bag of meat
    25 | D        | Reached XP level 19. HP: 143/174 MP: 0/0
    25 | D        | Learned a level 7 spell: Dragon Form
    25 | D        | Noticed a meat berserker
    25 | D        | Noticed a meat berserker
    25 | D        | Noticed a meat berserker
    25 | D        | Noticed a large bag of meat
    27 | D        | Noticed a meat berserker
    28 | D        | Noticed a meat berserker
    30 | D        | Slain by a meat berserker

Illustrated notes

Levels and vault maps discovered:
D:        meatsprint

Skill      XL: |  1  2  3  4  5  6  7  8  9 10 11 12 13 14 15 16 17 18 |
---------------+-------------------------------------------------------+-----
Fighting       | 17 18 21 23 24 27 | 27.0
Axes           | 3 6 9 11 14 18 23 | 23.2
Dodging        | 18 19 22 24 25 27 | 27.0
Stealth        | 6 7 8 9 10 12 13 | 13.3
Unarmed Combat | 17 18 21 22 24 26 27 | 27.0
Spellcasting   | 6 11 16 20 | 20.2

Action                   |  1- 3 |  4- 6 |  7- 9 | 10-12 | 13-15 | 16-18 | 19-21 || total
-------------------------+-------+-------+-------+-------+-------+-------+-------++-------
Melee: Executioner's axe |     1 |       |       |     1 |     5 |     6 |       ||    13
       Unarmed           |       |       |       |       |       |       |     3 ||     3
       Punch             |       |       |       |       |       |       |     1 ||     1
       Bite              |       |       |       |       |       |       |     1 ||     1
 Cast: Iskenderun's Myst |       |       |       |       |       |     1 |       ||     1
       Dragon Form       |       |       |       |       |       |       |     1 ||     1
 Abil: End Transformatio |       |       |       |       |       |       |     1 ||     1
Dodge: Dodged            |       |       |       |       |       |       |     2 ||     2
